 Dungeon Crawl Stone Soup version 0.31-a0-1074-g0b22e4e0f1 (webtiles) character file.

Game seed: 13706100783617786421

318196 Lobster4 the Pyromancer (level 21, -6/178 HPs)
             Began as a Hill Orc Fire Elementalist on Dec 6, 2023.
             Was the Champion of Nemelex Xobeh.
             Shot with a bolt by a yaktaur (18 damage)
             ... led by a yaktaur captain
             ... on level 1 of the Vaults on Dec 7, 2023.
             The game lasted 04:24:05 (73734 turns).

Lobster4 the Pyromancer (HOFE)                     Turns: 73734, Time: 04:24:06

Health: -6/178     AC: 15    Str: 16    XL:     21   Next: 44%
Magic:  33/33      EV: 21    Int: 21    God:    Nemelex Xobeh [******]
Gold:   6791       SH:  0    Dex: 11    Spells: 7/37 levels left

rFire   + + .        b - melded staff of fire
rCold   + + .        J - melded +0 buckler
rNeg    + + +        Z - melded +5 ring mail {rPois}
rPois   ∞            m - melded +2 hat {Int+3}
rElec   +            i - melded +0 cloak of the Skiapode {rC+ MP+9 Dex+3}
rCorr   +            X - melded +2 pair of gloves "Sepsam" {rElec}
SInv    .            D - melded +3 pair of seven-league boots {Rampage+∞}
Will    +....        t - melded amulet of reflection
Stlth   ++           K - melded ring of see invisible
HPRegen 0.49/turn    s - melded ring "Dusam" {Fly rElec Int+2 Stlth+}
MPRegen 0.23/turn

%: no passive effects
@: wisp-form, flying, studying 2 skills
A: insubstantial, flying, no casting, tiny
}: 2/15 runes: barnacled, gossamer
a: Renounce Religion, Draw Escape, Draw Destruction, Draw Summoning, Triple
Draw, Deal Four, Stack Five


You were on level 1 of the Vaults.
You worshipped Nemelex Xobeh.
Nemelex Xobeh was exalted by your worship.
You were an insubstantial wisp.
You visited 7 branches of the dungeon, and saw 34 of its levels.
You also visited: Trove, Ossuary, Ice Cave and Volcano.

You collected 7271 gold pieces.
You spent 480 gold pieces at shops.

Inventory:

Hand Weapons
 a - a +9 spectral broad axe
 c - the +5 war axe of the Dripping Fox {speed, Will+}
   (You found it on level 9 of the Dungeon)

   Will+:     It increases your willpower.
Armour
 e - a +2 leather armour of resistance
 i - the +0 cloak of the Skiapode (melded) {rC+ MP+9 Dex+3}
   (You found it in a treasure trove)

   Dex+3:     It affects your dexterity (+3).
   rC+:       It protects you from cold.
   MP+9:      It affects your magic capacity (+9).
 m - a +2 hat of intelligence (melded)
 D - the +3 pair of seven-league boots (melded) {Rampage+∞}
   (You found it on level 2 of the Lair of Beasts)

   Rampage+∞: When moving toward enemies, its wearer moves as far as possible,
   alerting their target en route.
 J - a +0 buckler (melded)
 X - the +2 pair of gloves "Sepsam" (melded) {rElec}
   (You found it on level 14 of the Dungeon)

   rElec:     It insulates you from electricity.
 Z - a +5 ring mail of poison resistance (melded)
Magical Staves
 b - a staff of fire (melded)
Jewellery
 d - a ring of positive energy
 q - a +5 ring of evasion
 s - the ring "Dusam" (melded) {Fly rElec Int+2 Stlth+}
   (You found it in a treasure trove)

   [ring of flight]

   Int+2:     It affects your intelligence (+2).
   rElec:     It insulates you from electricity.
   Fly:       It grants you flight.
   Stlth+:    It makes you more stealthy.
 t - an amulet of reflection (melded)
 A - a ring of resist corrosion
 K - a ring of see invisible (melded)
 L - a ring of willpower
 N - the ring "Gilit" {Contam rPois rC+++ Str+6 Int+2}
   (You found it in a treasure trove)

   [ring of strength]

   Str+6:     It affects your strength (+6).
   Int+2:     It affects your intelligence (+2).
   rC+++:     It renders you almost immune to cold.
   rPois:     It protects you from poison Contam: It causes magical
   contamination when unequipped.
 W - a ring of protection from fire
 Y - the ring of Boac {rElec rC- rCorr Str+3 Int+3}
   (You found it on level 4 of the Spider Nest)

   [ring of resist corrosion]

   Str+3:     It affects your strength (+3).
   Int+3:     It affects your intelligence (+3).
   rC-:       It makes you vulnerable to cold.
   rElec:     It insulates you from electricity.
   rCorr:     It protects you from acid and corrosion.
Wands
 g - a wand of digging (6)
 r - a wand of paralysis (48)
 E - a wand of polymorph (5)
 F - a wand of iceblast (34)
 H - a wand of light (26)
 M - a wand of mindburst (10)
Scrolls
 l - 3 scrolls of fog
 o - 10 scrolls of teleportation
 w - a scroll of fear
 y - a scroll of enchant weapon
 I - 3 scrolls of enchant armour
 O - 4 scrolls of revelation
 P - 2 scrolls of poison
 U - 3 scrolls of brand weapon
 V - 4 scrolls of immolation
Potions
 f - 8 potions of magic
 h - 11 potions of haste
 j - 12 potions of lignification
 k - 6 potions of mutation
 n - 4 potions of resistance
 p - 16 potions of curing
 v - 5 potions of brilliance
 x - 2 potions of attraction
 z - a potion of heal wounds
 B - 2 potions of invisibility
 C - 2 potions of enlightenment
 Q - 4 potions of ambrosia
 S - 2 potions of cancellation
 T - 2 potions of might
Miscellaneous
 R - a lightning rod (1/4)


   Skills:
 - Level 13.0 Fighting
 - Level 19.0 Axes
 - Level 1.0 Staves
 - Level 12.0 Armour
 - Level 6.0 Dodging
 - Level 1.5 Stealth
 + Level 7.4 Shields
 + Level 8.8 Spellcasting
 + Level 15.5 Conjurations
 - Level 2.0 Hexes
 - Level 2.0 Translocations
 + Level 22.9 Fire Magic
 - Level 3.0 Air Magic
 - Level 15.0 Invocations
 - Level 3.0 Evocations


You had 7 spell levels left.
You knew the following spells:

 Your Spells              Type           Power      Damage    Failure   Level
a - Foxfire               Conj/Fire      100%       2x1d9     0%          1
b - Scorch                Fire           100%       2d9       0%          2
c - Fireball              Conj/Fire      37%        3d15      1%          5
d - Flame Wave            Conj/Fire      74%        2d16      1%          4
e - Volatile Blastmotes   Fire/Tloc      100%       2d18      1%          3
g - Iskenderun's Battles  Conj           65%        2d11      1%          5
i - Inner Flame           Hex/Fire       57%        N/A       1%          3
p - Apportation           Tloc           34%        N/A       3%          1
s - Starburst             Conj/Fire      37%        6d11      1%          6

Your spell library contained the following spells:

 Spells                   Type           Power      Damage    Failure   Level
 Magic Dart               Conj           100%       1d8       0%          1
 Kiss of Death            Conj/Necr      100%       2d13      1%          1
 Searing Ray              Conj           100%       2d8       1%          2
 Static Discharge         Conj/Air       96%        3-7/arc   1%          2
 Hailstorm                Conj/Ice       41%        3d10      1%          3
 Fulminant Prism          Conj/Hex       23%        3d12      1%          4
 Iskenderun's Mystic Bla  Conj/Tloc      46%        2d10      1%          4
 Blink                    Tloc           34%        N/A       4%          2
 Plasma Beam              Fire/Air       29%        2x1d42    5%          6
 Poisonous Vapours        Pois/Air       30%        N/A       6%          2
 Freeze                   Ice            36%        1d5       8%          1
 Necrotise                Necr           36%        1d5       8%          1
 Sting                    Tmut/Pois      36%        1d4       8%          1
 Summon Small Mammal      Summ           36%        N/A       8%          1
 Cigotuvi's Dreadful Rot  Necr/Pois/Air  26%        N/A       8%          2
 Irradiate                Conj/Tmut      20%        3d18      9%          5
 Confusing Touch          Hex            17%        N/A       10%         3
 Sigil of Binding         Hex            17%        N/A       10%         3
 Tukima's Dance           Hex            17%        N/A       10%         3
 Sublimation of Blood     Necr           9%         N/A       11%         2
 Summon Guardian Golem    Hex/Summ       13%        N/A       14%         3
 Call Canine Familiar     Summ           9%         N/A       22%         3
 Frozen Ramparts          Ice            18%        1d3       22%         3
 Airstrike                Air            10%        2d(2-18)  22%         4
 Vhi's Electric Charge    Tloc/Air       38%        N/A       26%         4
 Cause Fear               Hex            8%         N/A       32%         4
 Dimensional Bullseye     Hex/Tloc       8%         N/A       32%         4
 Passage of Golubria      Tloc           17%        N/A       32%         4
 Summon Lightning Spire   Summ/Air       15%        N/A       36%         4
 Anguish                  Hex/Necr       6%         N/A       43%         4
 Leda's Liquefaction      Hex/Erth       6%         N/A       43%         4
 Bombard                  Conj/Erth      20%        9d4       43%         6
 Animate Armour           Summ/Erth      18%        N/A       58%         4
 Animate Dead             Necr           9%         N/A       58%         4
 Dispel Undead            Necr           9%         3d8       58%         4
 Olgreb's Toxic Radiance  Pois           9%         N/A       58%         4
 Petrify                  Tmut/Erth      9%         N/A       58%         4
 Summon Mana Viper        Hex/Summ       13%        N/A       80%         5
 Yara's Violent Unravell  Hex/Tmut       6%         3d5       80%         5
 Alistair's Intoxication  Tmut/Pois      6%         N/A       90%         5
 Borgnjor's Vile Clutch   Necr/Erth      4%         N/A       90%         5
 Lee's Rapid Deconstruct  Erth           4%         3d5*      90%         5
 Spellforged Servitor     Conj/Summ      20%        N/A       95%         7
 Death Channel            Necr           4%         N/A       100%        6
 Eringya's Noxious Bog    Tmut/Pois      4%         4d6       100%        6
 Enfeeble                 Hex            8%         N/A       100%        7
 Haunt                    Necr/Summ      4%         N/A       100%        7
 Monstrous Menagerie      Summ           4%         N/A       100%        7
 Ignition                 Fire           40%        3d12      4%          8
 Discord                  Hex            8%         N/A       100%        8
 Infestation              Necr           4%         N/A       100%        8
 Dragon's Call            Summ           4%         N/A       100%        9


Dungeon Overview and Level Annotations

Branches:
Dungeon (15/15)            Temple (0/1) D:7            Lair (5/5) D:10
 Shoals (4/4) Lair:2       Spider (4/4) Lair:2        Slime (0/5) Lair:5
    Orc (2/2) D:10            Elf (3/3) Orc:2        Vaults (1/5) D:14
 Depths (0/4) D:15        Ossuary (visited)           IceCv (visited)
Volcano (visited)

Altars:
Ashenzari
Dithmenos
Elyvilon
Gozag
Hepliaklqana
Nemelex Xobeh
Qazlal
Uskayaw
Vehumet
Wu Jian
Yredelemnul
Zin
Beogh
Jiyva

Shops:
Orc:2 (=(([   Shoals:1 =   Shoals:2 (

Annotations:
D:9 2 transporters, Selrock's ghost, journeyman GrFi


Message History

Your centaur warrior hits the ironbound preserver.
Your centaur warrior completely misses the ironbound preserver.
The ironbound preserver barely misses your centaur warrior.
Your centaur warrior hits the ironbound preserver!
The ironbound preserver dies!
The vault sentinel blows a loud note on a signal horn!
You hear a shout!
You hear a shout!
The yaktaur captain shoots a bolt.
The bolt barely misses your centaur warrior.
The bolt hits you!
* * * LOW HITPOINT WARNING * * *
Your centaur warrior hits the yaktaur captain!
Your centaur warrior kicks the yaktaur captain.
You hear a shout!
As you read the scroll of teleportation, it crumbles to dust.
You feel strangely unstable.
You hear a crossbow thunk.
The bolt hits your centaur warrior!!!
Your centaur warrior dies!
Your centaur warrior's corpse disappears in a puff of smoke!
You feel less fragile.
Your surroundings suddenly seem different.
A vault warden, 4 yaktaurs and 5 deep trolls come into view.
A yaktaur comes into view. It is wielding a +0 war axe of flaming.
The deep troll bites you!
* * * LOW HITPOINT WARNING * * *
The deep troll claws you but does no damage.
The deep troll misses you.
The vault warden activates a sealing rune.
The vault sentinel closely misses you. The yaktaur hits you!
* * * LOW HITPOINT WARNING * * *
The yaktaur shouts!
Blink to where?
Press: ? - help, Dir - move target
As you read the scroll of blinking, it crumbles to dust.
The yaktaur wields a +0 arbalest.
The yaktaur shoots a bolt.
The bolt hits you!!
You die...
Your body glows with a rainbow of weird colours and disappears.

#...#.###p.p# #....###...
+..##.'c###T# #..........
#.)#..#..)'c# #..#.....#.
#.#########.# #.##.....##
#. #[.# #..#.....#. #.#
##..# #.......... ...##
#...# #....###...
.....###.>.# #.....#....
.......v...# #..........
##########[############)##
#...................[...).
#........................)
#...################......
#...#.....#..#.....#......
#...#.....#..#.....'......
#...#..#).#..#..#..#......
#...#.)#))#.....#..#......


You could see a deep troll and a yaktaur.

Vanquished Creatures
  Jorgrun (Spider:1)
  Mlioglotl (Spider:2)
  Asterion (Elf:1)
  Frances (Shoals:1)
  A kraken (Shoals:2)
  A deep elf blademaster (Elf:3)
  Kirke (Lair:4)
  3 storm dragons
  Aizul (Shoals:4)
  The ghost of Wagacrug the Thaumaturge, an adept DrIE of Ashenzari (Spider:4)
  A fire giant (Vaults:1)
  6 deep elf sorcerers (Elf:3)
  6 vault wardens (Vaults:1)
  5 emperor scorpions (Spider:4)
  2 orc warlords
  A deep elf elementalist (Elf:3)
  4 ghost moths
  2 ironbound preservers (Vaults:1)
  A formless jellyfish (Vaults:1)
  An ironbound thunderhulk (Vaults:1)
  2 broodmothers (Spider:2)
  9 deep elf demonologists
  A stone giant (D:14)
  6 deep elf annihilators (Elf:3)
  4 spark wasps
  Azrael (Spider:1)
  A dire elephant (Vaults:1)
  The ghost of Midpoint the Slicer, a journeyman OpEn of Vehumet (Lair:3)
  An ettin (D:14)
  6 deep elf high priests
  4 crystal guardians (Elf:3)
  Fannar (D:10)
  5 deep elf death magi (Elf:3)
  Josephine (Lair:4)
  3 merfolk javelineers
  2 entropy weavers (Spider:4)
  9 merfolk impalers
  A fire dragon (D:15)
  2 great orbs of eyes (Vaults:1)
  5 yaktaur captains (Vaults:1)
  7 hydras
  3 ice dragons
  A vault guard (D:12)
  2 jorogumos
  2 radroaches
  2 catoblepae
  2 ogre magi (D:14)
  14 boulder beetles
  2 satyrs
  A death knight (D:12)
  24 dancing weapons
  8 centaur warriors
  3 merfolk avatars
  2 ironbound frosthearts (Vaults:1)
  8 two-headed ogres
  6 merfolk aquamancers
  A spectral emperor scorpion (Spider:4)
  12 demonic crawlers
  15 death yaks
  4 orc high priests
  15 deep elf knights
  A hell knight (Volcano)
  4 skysharks
  A skeletal warrior (D:13)
  9 sea snakes
  5 deep trolls
  6 pharaoh ants
  A glowing orange brain (Vaults:1)
  4 orb spiders
  6 deep elf archers
  An arcanist (D:14)
  A swamp dragon (Elf:1)
  A spectral broodmother (Spider:4)
  10 lindwurms
  5 harpies (Vaults:1)
  A harpy (shapeshifter) (D:13)
  22 deep elf zephyrmancers
  27 deep elf pyromancers
  A spectral radroach (Spider:4)
  13 steelbarb worms
  A necromancer (D:14)
  15 manticores
  5 orc sorcerers
  9 wolf spiders
  9 fauns
  7 orc knights
  8 ugly things
  13 cyclopes
  33 elephants
  2 guardian serpents
  4 moths of wrath
  A salamander (Elf:1)
  5 black mambas
  An ice statue (IceCv)
  4 vault sentinels (Vaults:1)
  11 water nymphs
  10 merfolk sirens
  9 torpor snails
  2 emperor scorpion simulacra (Spider:4)
  A gargoyle (D:13)
  18 cane toads
  3 unseen horrors
  31 yaktaurs
  6 rime drakes
  A tengu conjurer (D:14)
  A ghost moth simulacrum (Spider:4)
  2 freezing wraiths
  12 komodo dragons
  2 ice devils (Lair:1)
  10 trolls
  4 meliai (Spider:4)
  18 merfolk
  3 hornets
  14 wind drakes
  2 jorogumo simulacra (Spider:4)
  A wolf spider simulacrum (D:15)
  16 snapping turtles
  4 polar bears
  27 blink frogs
  26 tarantellas
  10 dream sheep
  12 jumping spiders
  Sigmund (D:3)
  12 culicivoras
  4 slime creatures (Vaults:1)
  2 shadows
  11 air elementals
  A yak (shapeshifter) (D:14)
  21 water elementals
  3 fire elementals
  A hog (Lair:5)
  46 yaks
  6 basilisks
  28 redbacks
  8 wraiths
  6 fire bats (Volcano)
  7 wyverns
  A human (Lair:5)
  4 vampire mosquitoes
  4 death yak simulacra (IceCv)
  4 wargs
  5 acid dragons
  A hydra simulacrum (IceCv)
  21 water moccasins
  2 hell hounds (Spider:1)
  A radroach simulacrum (Spider:4)
  37 orc warriors
  4 ice beasts
  A sky beast (D:6)
  3 black bears
  3 ogres
  7 wolves
  27 centaurs
  3 phantoms
  4 kobold brigands
  A gnoll sergeant (D:7)
  6 two-headed ogre simulacra (IceCv)
  11 bullfrogs
  4 earth elementals
  3 cane toad simulacra (IceCv)
  5 scorpions
  14 wights
  3 elephant simulacra (IceCv)
  28 killer bees
  16 electric eels
  6 howler monkeys
  3 centaur zombies (Ossuary)
  4 lava snakes (Volcano)
  2 human zombies (Ossuary)
  A hound (D:5)
  3 jellies
  20 orc priests
  2 iguanas (D:5)
  30 orc wizards
  3 sleepcaps
  6 hell rats
  A polar bear simulacrum (IceCv)
  A spriggan simulacrum (IceCv)
  2 troll simulacra (IceCv)
  A wolf simulacrum (IceCv)
  2 ogre zombies (Ossuary)
  A centaur simulacrum (D:9)
  7 mummies (Ossuary)
  17 gnolls
  6 adders
  8 naga simulacra (IceCv)
  4 river rats
  10 white imps
  6 ufetubi
  7 adder zombies
  3 dart slugs
  86 orcs
  3 ball pythons (D:2)
  7 bats
  7 endoplasms
  4 giant cockroaches
  8 goblins
  16 hobgoblins
  2 jackals (D:2)
  5 quokkas
  2 frilled lizards (D:1)
  4 goblin zombies (Ossuary)
  4 hobgoblin zombies (Ossuary)
  29 kobolds
  4 kobold zombies (Ossuary)
  4 quokka zombies
  6 rats
  2 rat zombies (Ossuary)
  3 tentacles (Shoals:2)
1464 creatures vanquished.

Vanquished Creatures (collateral kills)
  An iron giant (Elf:1)
  A deep elf blademaster (Elf:3)
  Louise (Spider:1)
  2 deep elf sorcerers (Elf:3)
  2 deep elf elementalists (Elf:3)
  An ironbound preserver (Vaults:1)
  A deep elf demonologist (Elf:3)
  A deep elf death mage (Elf:3)
  4 dancing weapons (Elf:2)
  A death yak (Lair:2)
  A demonic crawler (Spider:1)
  A deep elf knight (Elf:2)
  A skyshark (Shoals:1)
  A shadow demon (IceCv)
  A cherub (Spider:3)
  A sea snake (Shoals:1)
  2 lindwurms (Vaults:1)
  A deep elf pyromancer (Elf:2)
  A wolf spider (Spider:1)
  A deep elf zephyrmancer (Elf:2)
  A merfolk siren (Lair:2)
  A vault sentinel (Vaults:1)
  A merfolk (Shoals:1)
  A blink frog (Lair:2)
  An air elemental (Shoals:3)
  4 yaks (Lair:2)
  A fire elemental (Spider:1)
  2 hell hounds (Spider:1)
  An orc priest (D:14)
  A troll simulacrum (IceCv)
  A polar bear simulacrum (IceCv)
  An ufetubus (IceCv)
  21 foxfires
63 creatures vanquished.

Vanquished Creatures (others)
  A crystal guardian (Elf:3)
  A merfolk aquamancer (Shoals:4)
  2 deep elf knights (Elf:1)
  4 deep elf zephyrmancers
  2 humans (Lair:5)
  A quokka (D:10)
  4199 foxfires
  17 spectral weapons
  18 tentacles (Shoals:2)
4245 creatures vanquished.

Grand Total: 5772 creatures vanquished

Notes
Turn   | Place    | Note
-------+----------+-------------------------------------------
     0 | D:1      | Lobster4 the Hill Orc Fire Elementalist began the quest for
                  | the Orb.
     0 | D:1      | Reached XP level 1. HP: 14/14 MP: 3/3
   213 | D:1      | Reached XP level 2. HP: 22/22 MP: 0/4
   358 | D:1      | Reached skill level 1 in Armour
   434 | D:1      | Reached skill level 1 in Fighting
   434 | D:1      | Reached XP level 3. HP: 28/28 MP: 0/5
  1339 | D:2      | Learned a level 2 spell: Scorch
  1622 | D:2      | Reached XP level 4. HP: 35/35 MP: 3/6
  1825 | D:2      | Found a glowing silver altar of Zin.
  2253 | D:2      | Reached skill level 4 in Fire Magic
  2829 | D:3      | Noticed Sigmund
  3069 | D:3      | Reached XP level 5. HP: 41/41 MP: 3/8
  3074 | D:3      | Learned a level 4 spell: Flame Wave
  3120 | D:3      | Killed Sigmund
  3121 | D:3      | Reached skill level 5 in Fire Magic
  3121 | D:3      | Reached XP level 6. HP: 50/50 MP: 2/9
  3758 | D:4      | Found an ornate altar of the Wu Jian Council.
  3955 | D:4      | Reached skill level 1 in Axes
  4370 | D:4      | Reached XP level 7. HP: 57/57 MP: 5/10
  4425 | D:4      | Found an opulent altar of Gozag.
  4426 | D:4      | Found a sparkling altar of Nemelex Xobeh.
  4492 | D:4      | Became a worshipper of Nemelex Xobeh the Trickster
  4714 | D:4      | Found a basalt altar of Yredelemnul.
  4739 | D:5      | Entered Level 5 of the Dungeon
  4745 | D:5      | Identified a scroll of acquirement
  4745 | D:5      | Acquired a staff of fire
  4800 | D:5      | Found a sand-covered staircase.
  4805 | Ossuary  | Entered an ossuary
  5516 | Ossuary  | Reached skill level 1 in Invocations
  6284 | Ossuary  | Reached skill level 1 in Staves
  6474 | D:5      | Reached skill level 6 in Fire Magic
  6481 | D:5      | Learned a level 3 spell: Inner Flame
  6557 | D:4      | Reached XP level 8. HP: 60/66 MP: 7/12
  6971 | D:5      | Found a broken altar of Ashenzari.
  7203 | D:5      | Reached skill level 1 in Evocations
  7367 | D:5      | Reached * piety under Nemelex Xobeh
  8321 | D:6      | Reached skill level 7 in Fire Magic
  8439 | D:6      | Reached XP level 9. HP: 70/72 MP: 7/14
  8466 | D:6      | Learned a level 3 spell: Volatile Blastmotes
  8851 | D:6      | Reached skill level 5 in Fighting
  8910 | D:6      | Noticed a hornet
  8916 | D:6      | Killed a hornet
  8917 | D:6      | Reached skill level 1 in Hexes
  9420 | D:6      | Got Inerit's Compilation of Dusty Summoning
  9430 | D:6      | Received a gift from Nemelex Xobeh
  9700 | D:7      | Reached skill level 1 in Translocations
  9779 | D:7      | Found a staircase to the Ecumenical Temple.
 10148 | D:7      | Reached ** piety under Nemelex Xobeh
 10214 | D:7      | Reached skill level 5 in Axes
 10227 | D:7      | Reached skill level 8 in Fire Magic
 10764 | D:7      | Reached skill level 5 in Invocations
 10764 | D:7      | Reached XP level 10. HP: 70/81 MP: 9/15
 11166 | D:8      | Identified the +6 trident of Starshine {vamp, rC++ Str-4}
 11404 | D:8      | Reached skill level 5 in Armour
 11809 | D:8      | Reached skill level 5 in Conjurations
 11992 | D:8      | Reached skill level 9 in Fire Magic
 12518 | D:9      | Received a gift from Nemelex Xobeh
 12518 | D:9      | Found a transporter.
 12665 | D:9      | Found a hide-covered altar of Uskayaw.
 12665 | D:9      | Found a hazy altar of Hepliaklqana.
 12849 | D:9      | Identified the +5 war axe of the Dripping Fox {speed,
                  | Will+}
 12884 | D:9      | Killed an unseen horror
 12947 | D:9      | Reached XP level 11. HP: 69/86 MP: 0/18
 13098 | D:9      | Reached skill level 10 in Fire Magic
 13209 | D:9      | Noticed Selrock's ghost (journeyman GrFi)
 13286 | D:9      | Noticed a two-headed ogre
 13292 | D:9      | Killed a two-headed ogre
 13387 | D:9      | Found a transporter.
 13511 | D:10     | Entered Level 10 of the Dungeon
 13527 | D:10     | Noticed a two-headed ogre
 13598 | D:10     | Reached skill level 5 in Spellcasting
 13980 | D:10     | Noticed a death yak
 14014 | D:10     | Killed a death yak
 14039 | D:10     | Noticed a death yak
 14044 | D:10     | Noticed a death yak
 14057 | D:9      | Killed a death yak
 14196 | D:10     | Killed a death yak
 14567 | D:10     | Noticed Fannar
 14603 | D:10     | Killed Fannar
 14604 | D:10     | Reached skill level 11 in Fire Magic
 15036 | D:10     | Killed a two-headed ogre
 15079 | D:10     | Received a gift from Nemelex Xobeh
 15430 | D:10     | Found a staircase to the Lair.
 15575 | D:10     | Found a staircase to the Orcish Mines.
 15755 | D:11     | Noticed a manticore
 15858 | D:11     | Reached XP level 12. HP: 96/96 MP: 7/19
 16338 | D:11     | Acquired 546 gold pieces
 16437 | D:11     | Reached *** piety under Nemelex Xobeh
 16437 | D:11     | Received a gift from Nemelex Xobeh
 17138 | D:11     | Noticed a two-headed ogre
 17300 | Orc:1    | Entered Level 1 of the Orcish Mines
 17523 | Orc:1    | Reached skill level 12 in Fire Magic
 18269 | Orc:1    | Received a gift from Nemelex Xobeh
 18389 | Orc:2    | Entered Level 2 of the Orcish Mines
 18629 | Orc:2    | Found a staircase to the Elven Halls.
 18869 | Orc:2    | Found a roughly hewn altar of Beogh.
 18940 | Orc:2    | Found Dousk's Weapon Emporium.
 19338 | Orc:2    | Found a roughly hewn altar of Beogh.
 19480 | Orc:2    | Found a roughly hewn altar of Beogh.
 19587 | Orc:2    | Found Ficemok's Jewellery Shoppe.
 19690 | Orc:2    | Reached **** piety under Nemelex Xobeh
 19699 | Orc:2    | Noticed an orc high priest
 19704 | Orc:2    | Killed an orc high priest
 20126 | Orc:2    | Found a roughly hewn altar of Beogh.
 20307 | Orc:2    | Found a roughly hewn altar of Beogh.
 20681 | Orc:2    | Found Ineoroepp's Weapon Shop.
 21003 | Orc:1    | Noticed an orc high priest
 21005 | Orc:1    | Reached skill level 10 in Axes
 21008 | Orc:1    | Killed an orc high priest
 21238 | Orc:2    | Reached XP level 13. HP: 79/107 MP: 5/20
 21337 | Orc:2    | Noticed an orc warlord
 21365 | Orc:2    | Killed an orc warlord
 21456 | Orc:2    | Reached skill level 13 in Fire Magic
 21456 | Orc:2    | Reached skill level 10 in Invocations
 21720 | Orc:2    | Found Kuwn's Antique Armour Emporium.
 21721 | Orc:2    | Found a roughly hewn altar of Beogh.
 21722 | Orc:2    | Found Lutequfe's Antique Weapon Shoppe.
 21781 | Orc:2    | Bought an amulet of regeneration for 480 gold pieces
 21826 | Lair:1   | Entered Level 1 of the Lair of Beasts
 22149 | Lair:1   | Found a frozen archway.
 22255 | IceCv    | Entered an ice cave
 22262 | IceCv    | Received a gift from Nemelex Xobeh
 23650 | IceCv    | Noticed a reaper
 23661 | IceCv    | Identified the -2 quarterstaff of Resumed Hostilities
                  | {heavy, rCorr Dex+3}
 23669 | IceCv    | a reaper changed into a balrug
 23669 | IceCv    | Noticed a balrug
 23671 | IceCv    | a balrug changed into a shadow demon
 23806 | IceCv    | Identified the +5 morningstar "Peatuy Parang" {venom,
                  | Contam rPois Will+++}
 24751 | Lair:1   | Reached skill level 14 in Fire Magic
 25944 | Lair:2   | Reached XP level 14. HP: 119/119 MP: 6/21
 26292 | Lair:2   | Received a gift from Nemelex Xobeh
 26333 | Lair:2   | Reached skill level 10 in Fighting
 26657 | Lair:2   | Reached skill level 15 in Fire Magic
 27171 | Lair:2   | Reached skill level 10 in Conjurations
 27264 | Lair:2   | Found a staircase to the Shoals.
 28926 | Lair:2   | Found a hole to the Spider Nest.
 28977 | Lair:2   | Learned a level 5 spell: Fireball
 29133 | Lair:2   | Received a gift from Nemelex Xobeh
 29150 | Lair:2   | Reached skill level 16 in Fire Magic
 29294 | Lair:2   | Found the +3 pair of seven-league boots {Rampage+∞}
 29828 | Lair:3   | Reached XP level 15. HP: 126/126 MP: 1/23
 30329 | Lair:3   | Found a runed translucent gate.
 30330 | Lair:3   | Found a runed translucent gate.
 30335 | Lair:3   | Noticed Midpoint's ghost (journeyman OpEn)
 30349 | Lair:3   | Found a runed translucent gate.
 31539 | Lair:4   | You fall into a shaft and drop 1 floor!
 31539 | Lair:5   | Entered Level 5 of the Lair of Beasts
 31634 | Lair:5   | Found a dark tunnel.
 31645 | Volcano  | Entered a volcano
 31921 | Volcano  | Found a radiant altar of Vehumet.
 31935 | Volcano  | Found a bloodstained altar of Trog.
 32024 | Lair:5   | Received a gift from Nemelex Xobeh
 32560 | Lair:5   | Reached ***** piety under Nemelex Xobeh
 32890 | Lair:4   | Noticed Josephine
 32893 | Lair:4   | Killed Josephine
 33133 | Lair:4   | Reached skill level 1 in Air Magic
 33360 | Lair:5   | Received a gift from Nemelex Xobeh
 33529 | Lair:5   | Noticed Kirke
 33552 | Lair:4   | Killed Kirke
 33899 | Lair:5   | Found a staircase to the Slime Pits.
 33899 | Lair:5   | Found a viscous altar of Jiyva.
 33939 | Lair:5   | Reached skill level 17 in Fire Magic
 35608 | D:11     | Reached XP level 16. HP: 137/137 MP: 13/25
 36276 | D:12     | Received a gift from Nemelex Xobeh
 36779 | D:12     | Found a portal to a secret trove of treasure.
 37081 | D:13     | Received a gift from Nemelex Xobeh
 37490 | D:13     | Received a gift from Nemelex Xobeh
 37710 | D:12     | You paid a toll of 4 scrolls of blinking to enter a
                  | treasure trove
 37711 | Trove    | Entered a treasure trove
 37730 | Trove    | Identified the +0 cloak of the Skiapode {rC+ MP+9 Dex+3}
 37751 | Trove    | Identified the ring "Dusam" {Fly rElec Int+2 Stlth+}
 37757 | Trove    | Identified the ring "Gilit" {Contam rPois rC+++ Str+6
                  | Int+2}
 38764 | D:14     | Received a gift from Nemelex Xobeh
 38938 | D:14     | Found a gate to the Vaults.
 38973 | D:14     | Found a transporter.
 39210 | D:14     | Received a gift from Nemelex Xobeh
 39272 | D:14     | Found a roughly hewn altar of Beogh.
 39272 | D:14     | Found a transporter.
 40307 | D:15     | Entered Level 15 of the Dungeon
 40407 | D:15     | Received a gift from Nemelex Xobeh
 40528 | D:15     | Learned a level 6 spell: Starburst
 40595 | D:15     | Found a staircase to the Depths.
 40756 | D:15     | Received a gift from Nemelex Xobeh
 41009 | D:15     | Reached skill level 15 in Axes
 41009 | D:15     | Reached skill level 18 in Fire Magic
 41058 | D:15     | Found a shadowy altar of Dithmenos.
 41254 | D:15     | Reached ****** piety under Nemelex Xobeh
 41659 | Shoals:1 | Entered Level 1 of the Shoals
 41690 | Shoals:1 | Found Ehoe's Jewellery Shop.
 41693 | Shoals:1 | Noticed Frances
 41793 | Shoals:1 | Learned a level 1 spell: Apportation
 42278 | Shoals:2 | Found Zupufaz's Weapon Shoppe.
 42292 | Shoals:2 | Received a gift from Nemelex Xobeh
 42318 | Shoals:2 | Acquired 638 gold pieces
 42631 | Shoals:1 | Found a runed translucent door.
 43526 | Shoals:1 | Identified the +1 longbow "Ozecic" {elec, rElec rCorr
                  | Dex+5}
 43528 | Shoals:1 | Reached XP level 17. HP: 72/144 MP: 26/26
 43559 | Shoals:1 | Reached skill level 10 in Armour
 44094 | Shoals:2 | Received a gift from Nemelex Xobeh
 44479 | Shoals:2 | Found a white marble altar of Elyvilon.
 44501 | Shoals:2 | Noticed a kraken
 44899 | Shoals:2 | Killed a kraken
 47193 | Shoals:3 | Reached skill level 19 in Fire Magic
 47973 | Shoals:4 | Entered Level 4 of the Shoals
 48282 | Shoals:3 | Paralysed by an air elemental for 1 turns
 48773 | Shoals:4 | Identified the +1 dagger of the Thing {speed, rPois rCorr
                  | Int-2 Stlth+}
 48980 | Shoals:4 | Identified the serpent talisman of Jothuploeh {rPois SInv}
 48980 | Shoals:4 | Noticed Aizul
 49147 | Shoals:4 | Found a stormy altar of Qazlal.
 49220 | Shoals:4 | Received a gift from Nemelex Xobeh
 49356 | Shoals:4 | Killed Aizul
 49608 | Shoals:4 | Paralysed by an air elemental for 1 turns
 49695 | Shoals:4 | Paralysed by an air elemental for 1 turns
 51208 | Shoals:4 | Paralysed by an air elemental for 1 turns
 51212 | Shoals:4 | Paralysed by an air elemental for 1 turns
 51788 | Shoals:4 | Got Dityew's Lessons on the Xenotype and Nonlocality
 51792 | Shoals:4 | Got Lelur's Guidebook on Ill Luck and the Traveller
 51795 | Shoals:4 | Got a barnacled rune of Zot
 51962 | Shoals:4 | Paralysed by an air elemental for 1 turns
 52561 | Spider:1 | Entered Level 1 of the Spider Nest
 53016 | Spider:1 | Reached XP level 18. HP: 141/151 MP: 18/28
 53475 | Spider:1 | Received a gift from Nemelex Xobeh
 53551 | Spider:1 | Noticed Louise
 53559 | Spider:1 | Killed Louise
 53722 | Spider:1 | Noticed Azrael
 53728 | Spider:1 | Noticed Jorgrun
 53967 | Elf:1    | Entered Level 1 of the Elven Halls
 54193 | Elf:1    | Noticed Nikola
 54198 | Elf:1    | Reached skill level 20 in Fire Magic
 54212 | Elf:1    | Nikola changed into Nikola the iron giant
 54212 | Elf:1    | Noticed Nikola
 54252 | Elf:1    | Killed Nikola the iron giant
 54968 | Elf:1    | Received a gift from Nemelex Xobeh
 55050 | Elf:1    | Learned a level 5 spell: Iskenderun's Battlesphere
 55193 | Elf:1    | Noticed Asterion
 55198 | Elf:1    | Killed Asterion
 55691 | Elf:1    | Reached skill level 15 in Invocations
 56076 | Elf:1    | Reached skill level 1 in Shields
 56313 | Elf:1    | Found a runed translucent gate.
 56313 | Elf:1    | Found a runed translucent gate.
 56313 | Elf:1    | Found a runed translucent gate.
 56313 | Elf:1    | Found a runed translucent gate.
 56313 | Elf:1    | Found a runed translucent gate.
 56315 | Elf:1    | Found a runed translucent gate.
 56315 | Elf:1    | Received a gift from Nemelex Xobeh
 56532 | Elf:2    | Noticed a Tzitzimitl
 56664 | Elf:2    | Paralysed by an air elemental for 1 turns
 56844 | Elf:2    | Found a radiant altar of Vehumet.
 57250 | Elf:2    | Found a runed translucent gate.
 57251 | Elf:2    | Found a runed translucent gate.
 57251 | Elf:2    | Found a runed translucent gate.
 57633 | Elf:2    | Received a gift from Nemelex Xobeh
 57940 | Elf:2    | Reached XP level 19. HP: 137/160 MP: 30/30
 58447 | Elf:3    | Entered Level 3 of the Elven Halls
 58551 | Elf:3    | Received a gift from Nemelex Xobeh
 59901 | Elf:3    | Reached skill level 21 in Fire Magic
 59972 | Elf:3    | Identified the +7 dagger of the Reaper {venom, rElec rN++
                  | MP+9 Str-3 Stlth+}
 60032 | Elf:3    | Reached skill level 5 in Dodging
 60820 | Elf:3    | Paralysed by a deep elf pyromancer for 2 turns
 61005 | Elf:3    | Reached skill level 5 in Shields
 61836 | Elf:3    | Noticed an Ice Fiend
 62006 | Elf:3    | Received a gift from Nemelex Xobeh
 62031 | Elf:3    | Identified the +7 sling of Yneoxtu {antimagic, Will+ Str+4}
 62276 | Lair:3   | Killed Midpoint's ghost
 63024 | D:14     | Identified the +2 pair of gloves "Sepsam" {rElec}
 63434 | Shoals:1 | Killed Frances
 63725 | Elf:1    | Reached XP level 20. HP: 135/170 MP: 31/31
 63989 | Spider:1 | Killed Jorgrun
 64345 | Spider:1 | Identified the blade talisman of the Eight Boll Weevils
                  | {rC+ Str+2 Int+2}
 64490 | Spider:1 | Killed Azrael
 65244 | Spider:2 | Acquired the +5 ring mail of Dieveggeto {rElec Int+3 Dex+4}
 65255 | Spider:2 | Acquired the Unrestrained Analects
 65586 | Spider:2 | Noticed Mlioglotl
 65590 | Spider:2 | Killed Mlioglotl
 65819 | Spider:3 | Received a gift from Nemelex Xobeh
 66047 | Spider:3 | Found a transporter.
 66082 | Spider:3 | Found a transporter.
 66354 | Spider:3 | Reached skill level 22 in Fire Magic
 67149 | Spider:3 | Got the +0 pair of boots of Joy {rF++ rC+ rN+}
 67203 | Spider:4 | Entered Level 4 of the Spider Nest
 67907 | Spider:4 | Received a gift from Nemelex Xobeh
 68111 | Spider:4 | Found a runed translucent gate.
 68111 | Spider:4 | Found a runed translucent gate.
 68111 | Spider:4 | Found a runed translucent gate.
 68111 | Spider:4 | Noticed Wagacrug's ghost (adept DrIE)
 69279 | Spider:4 | Got a gossamer rune of Zot
 69670 | Vaults:1 | Entered Level 1 of the Vaults
 69886 | Vaults:1 | Received a gift from Nemelex Xobeh
 70038 | Vaults:1 | Reached skill level 15 in Conjurations
 70104 | Vaults:1 | Reached XP level 21. HP: 104/178 MP: 33/33
 70682 | Spider:4 | Killed Wagacrug's ghost
 70886 | Spider:4 | Identified the ring of Boac {rElec rC- rCorr Str+3 Int+3}
 72121 | Vaults:1 | Received a gift from Nemelex Xobeh
 73734 | Vaults:1 | Shot with a bolt by a yaktaur

Illustrated notes

Levels and vault maps discovered:
D:1:      heliophobic_arrival_glass_houses, layout_rooms
D:2:      layout_basic, basic_altar, minmay_pentomino_s4
D:3:      layout_rooms, uniq_sigmund
D:4:      layout_cave_pools, grunt_temple_overflow_opulence,
          lemuel_zombie_altar_yredelemnul, mainiacjoe_overflow_alcove_4,
          nicolae_elevator_lobby_plus
D:5:      layout_basic, nicolae_ashenzari_skybound, enter_ossuary_5
D:6:      layout_loops_cross, chequers_serial_rivers_micro_c
D:7:      layout_cave_pools, minmay_temple_entry_statues_pillars, st_stairs_1
D:8:      layout_rooms
D:9:      layout_roguey, nicolae_overflow_two_pavilions, serial_ice,
          serial_ice_l, serial_ice_b, serial_ice_a, serial_ice_h,
          gammafunk_ghost_stat_death
D:10:     layout_basic, dpeg_lair_monsters, orc_0_dummy, uniq_fannar
D:11:     minmay_polygon_palace, layout_basic
D:12:     layout_roguey, enter_trove_5
D:13:     layout_loops_corners, hex_large
D:14:     gammafunk_beogh_shrine, layout_stronghold, david_vaults_1
D:15:     grunt_enter_depths_hoard, layout_basic,
          nicolae_dithmenos_through_a_glass_darkly
Lair:1:   layout_cave_pods, portal_ice_cave_demonic_guard, serial_bayou_shore_a
Lair:2:   nzn_winding_woodlands_large [nzn_winding_woodlands_hourglass,
          nzn_winding_woodlands_5x15_river_crossing,
          nzn_winding_woodlands_5x5_open_star,
          nzn_winding_woodlands_center_garden,
          nzn_winding_woodlands_15x15_thick_spiral,
          nzn_winding_woodlands_center_triple_pond,
          nzn_winding_woodlands_5x5_closed_star,
          nzn_winding_woodlands_5x15_sawtooth, nzn_winding_woodlands_5x5_cross],
          layout_chaotic_city, minmay_shoals_entry_lonely_mermaid,
          spider_nest_entry_webs, hellmonk_guarded_unrand_seven_league_boots
Lair:3:   layout_big_grid, gammafunk_ghost_split
Lair:4:   layout_hall_layers, uniq_josephine
Lair:5:   hangedman_lair_in_review, layout_regular_city, slime_entry_1,
          enter_volcano_1, uniq_kirke
Shoals:1: layout_shoals, minmay_shop_enchanted_jewellery, lightli_airlock,
          uniq_frances
Shoals:2: layout_shoals, serial_shops, shop, wheals_shoals_ruined_temple
Shoals:3: cheibrodos_shoals_oceanic_diplomacy, layout_shoals
Shoals:4: shoals_end_hellmonk_storm_palace [storm_palace_center_square,
          storm_palace_corner_pillars, storm_palace_corner_blocked,
          storm_palace_corner_narrow, storm_palace_corner_altar], uniq_aizul
Spider:1: layout_spider_delve, uniq_azrael, uniq_louise, uniq_jorgrun
Spider:2: layout_spider_delve, nicolae_spider_paper_wasps, uniq_mlioglotl
Spider:3: gammafunk_boulding_lane
Spider:4: hellmonk_spider_rune_bug_friends, gammafunk_ghost_necromancy
Orc:1:    layout_diamond_mine
Orc:2:    grunt_orc_community_town_hall, layout_diamond_mine,
          grunt_orc_community_big_house_2, grunt_orc_community_big_house_1,
          grunt_orc_community_house_3, grunt_orc_community_house_2,
          grunt_orc_community_house_1, grunt_orc_community_house_3,
          serial_shops, nicolae_shop_hallway_plus
Elf:1:    eino_elf_arrival_the_gate, layout_geoelf_diagonals, orc_legates,
          uniq_nikola, uniq_asterion
Elf:2:    nicolae_elf_blades_crystal_corner, layout_geoelf_grid, basic_altar,
          grunt_ministairs_6, fountainhead, small_chamber_with_monster,
          corexii_checkpoint, minmay_misc_feat_alley
Elf:3:    minmay_elf_hall_golems, layout_gridlike, minivault_14,
          minivault_25_ag, minmay_misc_feat_five, fake_guardian_serpent_vault
Vaults:1: ontoclasm_vaults_bender, v_misc_8, nicolae_vaults_border_crossing,
          nicolae_vaults_closet_pinwheel_3, v_misc_28, hangedman_vaults_unwind,
          v_rooms_6, vaults_dpeg_hooks, nicolae_vaults_quartermaster,
          nicolae_vaults_three_branches, nicolae_vaults_prndl,
          vaults_room_pools, nicolae_vaults_trapezoid_4,
          nicolae_vaults_trapezoid_4, layout_vaults_omnibox

Skill      XL: |  1  2  3  4  5  6  7  8  9 10 11 12 13 14 15 16 17 18 19 20 21 |
---------------+----------------------------------------------------------------+-----
Armour         | 1 2 3 4 5 6 7 8 9 10 11 12 | 12.0
Fighting       | 1 2 3 4 5 6 7 9 10 11 12 13 | 13.0
Dodging        | 2 3 4 5 6 |  6.0
Fire Magic     | 4 5 6 7 8 9 11 12 14 16 17 18 19 20 21 22 | 22.9
Spellcasting   | 2 3 4 5 6 7 8 |  8.8
Conjurations   | 2 3 4 5 6 7 9 10 11 12 13 14 15 | 15.5
Axes           | 1 2 4 5 7 8 10 11 13 14 15 16 17 18 19 | 19.0
Invocations    | 2 3 5 6 8 9 10 11 13 14 15 | 15.0
Staves         | 1 |  1.0
Evocations     | 1 3 |  3.0
Hexes          | 2 |  2.0
Translocations | 1 2 |  2.0
Air Magic      | 2 3 |  3.0
Shields        | 3 5 7 |  7.4
Stealth        | |  1.5

Action                     |  1- 3 |  4- 6 |  7- 9 | 10-12 | 13-15 | 16-18 | 19-21 || total
---------------------------+-------+-------+-------+-------+-------+-------+-------++-------
  Melee: Unarmed           |     5 |       |       |       |       |       |    11 ||    16
         Short sword       |    16 |    11 |       |       |       |       |       ||    27
         Whip              |     3 |     8 |     6 |       |       |       |       ||    17
         Punch             |     1 |       |       |     1 |    10 |    11 |     2 ||    25
         Staff             |       |       |     2 |     8 |       |    11 |       ||    21
         Trident           |       |       |       |    25 |       |       |       ||    25
         War axe           |       |       |       |    75 |   570 |   514 |     4 ||  1163
         Broad axe         |       |       |       |       |       |   148 |   697 ||   845
   Fire: Sling             |       |    30 |       |       |    14 |       |       ||    44
  Throw: Throwing net      |       |       |       |     3 |       |     1 |       ||     4
         Dart              |       |       |       |    10 |    13 |    28 |       ||    51
   Cast: Foxfire           |    80 |   111 |   214 |   440 |   477 |   726 |   429 ||  2477
         Scorch            |       |    11 |   139 |   224 |   410 |   467 |   155 ||  1406
         Flame Wave        |       |       |       |     9 |    18 |    38 |    10 ||    75
         Inner Flame       |       |       |       |     7 |     5 |     6 |     3 ||    21
         Volatile Blastmot |       |       |       |     7 |     4 |    15 |       ||    26
         Fireball          |       |       |       |       |    20 |    53 |    11 ||    84
         Apportation       |       |       |       |       |       |     3 |       ||     3
         Starburst         |       |       |       |       |       |     7 |       ||     7
         Iskenderun's Batt |       |       |       |       |       |    17 |    91 ||   108
 Invoke: Draw Destruction  |       |       |       |     7 |    22 |    25 |    29 ||    83
         Draw Summoning    |       |       |       |     3 |     6 |     6 |     9 ||    24
         Draw Escape       |       |       |       |       |     1 |     5 |     2 ||     8
         Draw Stack        |       |       |       |       |       |     5 |       ||     5
         Stack Five        |       |       |       |       |       |     1 |       ||     1
  Evoke: Wand              |       |       |     3 |     5 |     3 |     9 |     2 ||    22
         Lightning rod     |       |       |       |     7 |    11 |     5 |     8 ||    31
    Use: Scroll            |       |    12 |    10 |     2 |    10 |    25 |     8 ||    67
         Potion            |       |     1 |       |       |     6 |    11 |     6 ||    24
   Stab: Held in net/web   |       |       |       |     2 |       |     3 |       ||     5
         Distracted        |       |       |       |       |     2 |     5 |    19 ||    26
         Invisible         |       |       |       |       |     2 |       |       ||     2
         Sleeping          |       |       |       |       |       |     3 |     1 ||     4
 Armour: Robe              |    26 |    21 |    11 |       |    37 |       |       ||    95
         Leather armour    |       |       |    31 |    52 |   492 |   414 |       ||   989
         Acid dragon scale |       |       |       |   141 |    57 |       |       ||   198
         Ring mail         |       |       |       |       |       |   487 |   491 ||   978
         Skin              |       |       |       |       |       |       |    20 ||    20
  Dodge: Dodged            |    33 |    42 |    82 |   179 |   553 |   639 |   268 ||  1796
  Block: Other             |       |       |       |       |       |    83 |     7 ||    90
         Reflection        |       |       |       |       |       |     6 |    14 ||    20
         Buckler           |       |       |       |       |       |       |   176 ||   176

Table legend: (Time is in decaauts)
 A = Elapsed time spent in this place.
 B = Non-inter-level travel time spent in this place.
 C = Inter-level travel time spent in this place.
 D = Time resting spent in this place.
 E = Time spent auto-exploring this place.
 F = Levels seen in this place.
 G = Mean time per level.
                   A        B        C        D        E       F      G
               +--------+--------+--------+--------+--------+-----+--------+
         Total |  73290 |  67844 |   5446 |  24749 |  27742 |  38 | 1928.7 |
       Dungeon |  24384 |  21959 |   2425 |   6272 |  11498 |  15 | 1625.6 |
          Lair |  12767 |  11592 |   1175 |   3663 |   5460 |   5 | 2553.4 |
        Shoals |  10593 |  10208 |    385 |   4924 |   3171 |   4 | 2648.2 |
   Spider Nest |   6905 |   6312 |    593 |   2162 |   2409 |   4 | 1726.2 |
  Orcish Mines |   4663 |   4350 |    313 |   2209 |   1264 |   2 | 2331.5 |
   Elven Halls |   7867 |   7419 |    448 |   3154 |   1955 |   3 | 2622.3 |
        Vaults |   2321 |   2215 |    106 |    535 |   1135 |   1 | 2321.0 |
         Trove |    137 |    137 |      0 |      0 |     51 |   1 |  137.0 |
       Ossuary |   1652 |   1652 |      0 |   1040 |    284 |   1 | 1652.0 |
      Ice Cave |   1666 |   1666 |      0 |    769 |    464 |   1 | 1666.0 |
       Volcano |    330 |    330 |      0 |     20 |     50 |   1 |  330.0 |
               +--------+--------+--------+--------+--------+-----+--------+

Top non-repeatable levels by time:
  Lair:2: 4712 daAuts
   Orc:2: 3427 daAuts
   Elf:3: 3361 daAuts
    D:10: 3350 daAuts
Shoals:3: 3086 daAuts
    D:14: 3060 daAuts
Shoals:4: 3056 daAuts
  Lair:1: 2823 daAuts
Shoals:2: 2583 daAuts
Spider:4: 2529 daAuts
  Lair:5: 2440 daAuts
Vaults:1: 2321 daAuts
   Elf:1: 2253 daAuts
   Elf:2: 2252 daAuts
    D:11: 1920 daAuts
